 Dungeon Crawl Stone Soup version 0.26-a0-808-g930a2b7adc (webtiles) character file.

Game seed: 9047048886014042512

3735 Atelerd the Thaumaturge (level 10, -1/60 HPs)
             Began as an Octopode Venom Mage on Nov 12, 2020.
             Was an Initiate of Sif Muna.
             Slain by a skeletal warrior
             ... wielding a +0 hand axe
              (22 damage)
             ... on level 8 of the Dungeon.
             The game lasted 00:21:10 (8821 turns).

Atelerd the Thaumaturge (Octopode Venom Mage)       Turns: 8821, Time: 00:21:11

Health: -1/60      AC:  3    Str:  8    XL:     10   Next: 15%
Magic:  27/32      EV: 14    Int: 21    God:    Sif Muna [......]
Gold:   487        SH:  0    Dex: 12    Spells: 12/28 levels left

rFire    + . .     SeeInvis .   m - +3 dagger (venom)
rCold    . . .     Faith    .   (no shield)
rNeg     . . .     Spirit   .   g - +2 hat
rPois    .         Reflect  .   (no amulet)
rElec    .         Harm     .   a - ring of magical power
rCorr    .         Rampage  .   i - ring of flight
MR       .....                  j - ring of protection from fire
Stlth    ++++......             (no ring)
HPRegen  0.20/turn              (no ring)
MPRegen  0.23/turn              (no ring)
                                (no ring)
                                (no ring)

@: no status effects
A: almost no armour, stealthy swim, amphibious, 8 rings, constrict 8, camouflage
1, gelatinous body 1
a: Renounce Religion, Evoke Flight


You were on level 8 of the Dungeon.
You worshipped Sif Muna.
Sif Muna was noncommittal.
You visited 2 branches of the dungeon, and saw 9 of its levels.

You collected 487 gold pieces.

Inventory:

Hand Weapons
 c - a +0 dagger
 f - a +1 whip of freezing
 m - a +3 dagger of venom (weapon)
 v - a +1 vorpal falchion
Armour
 g - a +2 hat (worn)
Jewellery
 a - a ring of magical power (left tentacle)
 i - a ring of flight (right tentacle)
 j - a ring of protection from fire (on tentacle)
Wands
 D - a wand of acid (9)
 E - a wand of random effects (9)
Scrolls
 b - 2 scrolls of remove curse
 d - 3 scrolls of teleportation
 k - 2 scrolls of fear
 l - a scroll of amnesia
 n - 2 scrolls of enchant armour
 q - a scroll of blinking
 r - 3 scrolls of enchant weapon
 s - a scroll of random uselessness
 x - 2 scrolls of identify
 y - a scroll of fog
 A - a scroll of noise {unknown}
Potions
 e - a potion of brilliance
 h - a potion of heal wounds
 o - 2 potions of ambrosia
 p - a potion of berserk rage
 t - 2 potions of degeneration
 u - a potion of attraction {unknown}
 w - 5 potions of curing {unknown}
 z - 2 potions of invisibility
 B - a potion of flight


   Skills:
 - Level 2.0 Fighting
 - Level 4.0 Dodging
 - Level 5.0 Stealth
 + Level 9.5 Spellcasting
 * Level 5.0 Conjurations
 - Level 2.6 Transmutations
 - Level 6.0 Poison Magic
 + Level 4.6 Invocations
 - Level 2.0 Evocations


You had 12 spell levels left.
You knew the following spells:

 Your Spells              Type           Power        Failure   Level
a - Sting                 Tmut/Pois      ####         1%          1
b - Mephitic Cloud        Conj/Pois/Air  ####....     4%          3
c - Iskenderun's Battles  Conj           ####....     24%         5
e - Olgreb's Toxic Radia  Pois           #####...     6%          4
f - Ignite Poison         Fire/Tmut/Pois ###.....     6%          3

Your spell library contained the following spells:

 Spells                   Type           Power        Failure   Level
 Poisonous Vapours        Pois/Air       ###...       3%          2
 Animate Skeleton         Necr           ##....       7%          1
 Apportation              Tloc           ##....       7%          1
 Corona                   Hex            ##.....      7%          1
 Summon Small Mammal      Summ           ##..         7%          1
 Bolt of Magma            Conj/Fire/Erth ###.......   67%         5
 Iron Shot                Conj/Erth      ###.......   98%         6
 Orb of Destruction       Conj           ####......   100%        7
 Spellforged Servitor     Conj/Summ      ###.......   100%        7


Dungeon Overview and Level Annotations

Branches:
Dungeon (8/15)             Temple (1/1) D:6
   Lair: D:8-11

Altars:
Ashenzari
Cheibriados
Elyvilon
Fedhas
Gozag
Hepliaklqana
Kikubaaqudgha
Nemelex Xobeh
Okawaru
Qazlal
Ru
Sif Muna
Trog
Vehumet
Wu Jian
Xom
Yredelemnul

Annotations:
D:4 4 runed translucent doors, Crazy Yiuf; anything's ghost, amateur DgSu


Innate Abilities, Weirdness & Mutations

You cannot wear most types of armour.
You are very stealthy in the water. (Stealth+)
You are amphibious.
You can wear up to eight rings at the same time.
You can use your tentacles to constrict eight enemies at once.
Your skin changes colour to match your surroundings (Stealth+).
Your rubbery body absorbs attacks. (AC +1, EV +1)


Message History

The skeletal warrior is moderately damaged.
Unknown command.
You hit the skeletal warrior but do no damage.
You grab the skeletal warrior.
Your squeeze misses the skeletal warrior.
The skeletal warrior is moderately damaged.
You constrict the skeletal warrior, but do no damage.
The skeletal warrior is engulfed in blazing flames.
The skeletal warrior closely misses you.
You hit the skeletal warrior but do no damage.
The skeletal warrior is heavily damaged.
You constrict the skeletal warrior, but do no damage.
The skeletal warrior hits you with a +0 hand axe!
Unknown command.
You hit the skeletal warrior but do no damage.
The skeletal warrior is heavily damaged.
You constrict the skeletal warrior, but do no damage.
The skeletal warrior is engulfed in blazing flames.
The skeletal warrior hits you with a +0 hand axe!!
You die...

#.#######.#.$..# ###########
#..<............
#.........###.....÷.[...##..
#................÷......##.!.
#.........###..........[.....
#..)..................#....#.
#...<.....###..[).....#......
#.........# #.........# .....
#.........# #@###.###†#
...(.# ###########
#.z.......# .....
#○###.###.######..
#..°).......)......
#..###.##....)..... #..#
#.##.......... ...#
#.###.h....... ##..# #.#
#$#..l...$ #.. #.# #.#.......


You could see a skeletal warrior.

Vanquished Creatures
  A deep elf mage (D:8)
  Joseph (D:7)
  A polar bear (shapeshifter) (D:8)
  Grinder (D:3)
  Sigmund (D:6)
  A phantom (D:6)
  3 ogres
  4 centaurs
  A big kobold (D:7)
  5 bullfrogs
  3 scorpions
  9 killer bees
  3 howler monkeys
  A bullfrog zombie (D:7)
  2 hounds
  An orc priest (D:7)
  2 centaur skeletons
  3 iguanas
  4 orc wizards
  4 worker ants
  A worker ant zombie (D:7)
  Robin (D:2)
  A howler monkey skeleton (D:4)
  7 adders
  3 shadow imps
  A white imp (D:5)
  An ooze (D:2)
  3 worms
  3 dart slugs (D:1)
  6 leopard geckos
  17 orcs
  9 bats
  9 giant cockroaches
  17 goblins
  15 hobgoblins
  8 jackals
  3 quokkas
  A ball python (D:1)
  8 frilled lizards
  A jackal skeleton (D:4)
  16 kobolds
  7 rats
189 creatures vanquished.

Vanquished Creatures (collateral kills)
  An orc (D:3)
1 creature vanquished.

Grand Total: 190 creatures vanquished

Notes
Turn   | Place    | Note
-------+----------+-------------------------------------------
     0 | D:1      | Atelerd the Octopode Venom Mage began the quest for the
                  | Orb.
     0 | D:1      | Reached XP level 1. HP: 11/11 MP: 3/3
   157 | D:1      | Reached XP level 2. HP: 17/17 MP: 1/5
   792 | D:1      | Reached XP level 3. HP: 21/21 MP: 6/6
   797 | D:1      | Learned a level 3 spell: Mephitic Cloud
  1626 | D:2      | Reached XP level 4. HP: 27/27 MP: 8/8
  1630 | D:2      | Noticed Robin
  2001 | D:2      | Killed Robin
  2152 | D:2      | Reached skill level 3 in Spellcasting
  2392 | D:2      | Reached XP level 5. HP: 29/31 MP: 9/9
  2409 | D:2      | Learned a level 3 spell: Ignite Poison
  2902 | D:3      | Noticed Grinder
  3012 | D:3      | Found a sacrificial altar of Ru.
  3116 | D:3      | Reached skill level 1 in Conjurations
  3254 | D:3      | Killed Grinder
  3254 | D:3      | Reached skill level 1 in Fighting
  3254 | D:3      | Reached skill level 5 in Poison Magic
  3254 | D:3      | Reached XP level 6. HP: 6/38 MP: 1/11
  3854 | D:3      | Learned a level 4 spell: Olgreb's Toxic Radiance
  4452 | D:4      | Reached skill level 4 in Spellcasting
  4461 | D:4      | Reached XP level 7. HP: 31/43 MP: 13/13
  4638 | D:4      | Found a runed translucent gate.
  4638 | D:4      | Found a runed translucent gate.
  4638 | D:4      | Found a runed translucent gate.
  4638 | D:4      | Noticed anything's ghost (amateur DgSu)
  5075 | D:4      | Found a runed translucent door.
  5076 | D:4      | Noticed Crazy Yiuf
  5237 | D:5      | Entered Level 5 of the Dungeon
  5251 | D:5      | Found a sacrificial altar of Ru.
  5409 | D:5      | Found an opulent altar of Gozag.
  5765 | D:5      | Reached XP level 8. HP: 48/48 MP: 14/14
  6017 | D:6      | Reached skill level 5 in Conjurations
  6114 | D:6      | Reached skill level 5 in Spellcasting
  6187 | D:6      | Noticed Sigmund
  6195 | D:6      | Killed Sigmund
  6315 | D:6      | Reached skill level 1 in Evocations
  6580 | D:6      | Reached skill level 5 in Stealth
  6768 | D:6      | Found a staircase to the Ecumenical Temple.
  7029 | D:7      | Reached skill level 6 in Spellcasting
  7075 | D:7      | Reached XP level 9. HP: 50/54 MP: 15/18
  7235 | D:7      | Reached skill level 7 in Spellcasting
  7256 | D:7      | Found a stormy altar of Qazlal.
  7521 | D:7      | Noticed Joseph
  7526 | D:7      | Killed Joseph
  7526 | D:7      | Reached skill level 8 in Spellcasting
  8038 | Temple   | Entered the Ecumenical Temple
  8196 | Temple   | Became a worshipper of Sif Muna the Loreminder
  8254 | D:8      | Reached skill level 1 in Invocations
  8261 | D:8      | Reached skill level 9 in Spellcasting
  8261 | D:8      | Noticed a deep elf mage
  8401 | D:8      | Killed a deep elf mage
  8401 | D:8      | Reached XP level 10. HP: 57/60 MP: 15/23
  8719 | D:8      | Learned a level 5 spell: Iskenderun's Battlesphere
  8746 | D:8      | Noticed a skeletal warrior
  8821 | D:8      | Slain by a skeletal warrior

Illustrated notes

Levels and vault maps discovered:
D:1:      tarquinn_simple_flora_water_f, layout_loops_corners,
          minmay_pentomino_t4
D:2:      layout_loops_cross, chequers_serial_rivers_large_b,
          minmay_quadrilaterals, uniq_robin
D:3:      layout_loops_ring, nicolae_ru_great_annihilating_truth, uniq_grinder
D:4:      layout_basic, gammafunk_ghost_necromancy, st_stairs_11,
          uniq_crazy_yiuf_cottage
D:5:      layout_loops_ring, basic_altar, lemuel_statue_altar
D:6:      layout_gridville, minmay_temple_entry_sparse_star, uniq_sigmund
D:7:      layout_rooms, lemuel_doored_altar, uniq_joseph
D:8:      minmay_cut_squares, layout_rooms, basic_altar
Temple:   roderic_octagonal_lattice_temple

Skill      XL: |  1  2  3  4  5  6  7  8  9 |
---------------+----------------------------+-----
Poison Magic   | 4 5 6 |  6.0
Transmutations | 2 |  2.6
Spellcasting   | 3 4 6 9 |  9.5
Conjurations   | 2 3 4 5 |  5.0
Fighting       | 1 2 |  2.0
Stealth        | 3 4 5 |  5.0
Dodging        | 4 |  4.0
Evocations     | 2 |  2.0
Invocations    | 4 |  4.6

Action                   |  1- 3 |  4- 6 |  7- 9 | 10-12 || total
-------------------------+-------+-------+-------+-------++-------
Melee: Unarmed           |    13 |       |       |       ||    13
       Tentacles         |     5 |    15 |    11 |       ||    31
       Constrict         |    11 |    25 |    21 |     1 ||    58
       Dagger            |     6 |    66 |    89 |     4 ||   165
       Whip              |    12 |     8 |       |       ||    20
 Cast: Sting             |    47 |    79 |    26 |       ||   152
       Mephitic Cloud    |       |     6 |    22 |     3 ||    31
       Ignite Poison     |       |     2 |    21 |     5 ||    28
       Olgreb's Toxic Ra |       |       |    18 |     4 ||    22
Evoke: Wand              |       |       |       |     1 ||     1
  Use: Scroll            |       |     2 |    13 |     2 ||    17
 Stab: Sleeping          |     5 |     9 |     6 |       ||    20
       Confused          |       |     1 |     2 |       ||     3
Armor: Skin              |    10 |    15 |    11 |       ||    36
Dodge: Dodged            |    35 |    71 |    63 |     1 ||   170

Table legend: (Time is in decaauts)
 A = Elapsed time spent in this place.
 B = Non-inter-level travel time spent in this place.
 C = Inter-level travel time spent in this place.
 D = Time resting spent in this place.
 E = Time spent auto-exploring this place.
 F = Levels seen in this place.
 G = Mean time per level.
                   A        B        C        D        E       F      G
               +--------+--------+--------+--------+--------+-----+--------+
         Total |   8822 |   8469 |    353 |   2155 |   5005 |   9 |  980.2 |
       Dungeon |   8647 |   8337 |    310 |   2155 |   4874 |   8 | 1080.9 |
        Temple |    174 |    132 |     42 |      0 |    131 |   1 |  174.0 |
               +--------+--------+--------+--------+--------+-----+--------+

Top non-repeatable levels by time:
     D:1: 1556 daAuts
     D:3: 1392 daAuts
     D:7: 1368 daAuts
     D:2: 1293 daAuts
     D:6: 1058 daAuts
     D:4: 996 daAuts
     D:5: 768 daAuts
     D:8: 213 daAuts
  Temple: 174 daAuts
